AoeStats
← Jazzmushroom

Black Forest

507344697Analyzed
4v4 RM · 14d ago on Sep 17, 2026· 44m 57s· 8 players
Game mode
Random Map
Map size
Large (8 player)
Population
200
Speed
Normal
Resources
Standard
Victory
Conquest
Starting age
Dark Age
Ending age
Imperial Age
RankedLock teamsTeams togetherTeam positionsShared explorationLock speedFull tech treeHidden civsTurbo modeCheats
Victory
Defeat
🇺🇸 Huns · United States
1358
+12
🇲🇽 Bengalis · Mexico
1329
+13
🇺🇸 Mongols · United States
1292
+15
🇲🇦 Goths · Morocco
1256
+16
🇬🇧 Teutons · United Kingdom
1333
-17
🇹🇷 Romans · Türkiye
1273
-14
🇮🇳 Bulgarians · India
1253
-14
🇹🇷 Burgundians · Türkiye
1191
-11
Jazzmushroom
2:04 Loom
12:05 Feudal Age
12:46 Double-Bit Axe
13:06 Fishing Lines
18:26 Castle Age
17:15 Stone Mining
17:54 Gold Mining
19:23 Wheelbarrow
19:22 Bow Saw
19:38 Gillnets
23:43 Town Watch
25:17 Hand Cart
28:01 Gold Shaft Mining
27:29 Fletching
28:30 Bodkin Arrow
29:21 Caravan
30:40 Stone Shaft Mining
30:34 Padded Archer Armor
32:12 Bloodlines
32:02 Husbandry
32:09 Thumb Ring
33:39 Ballistics
33:30 Masonry
33:32 Fortified Wall
36:11 Imperial Age
34:22 Leather Archer Armor
36:12 Capped Ram
37:14 Conscription
36:21 Elite Mangudai
37:30 Drill
37:13 Bracer
38:23 Chemistry
37:39 Siege Ram
39:57 Hoardings
39:40 Siege Engineers
No-One-Knows-Me
1:00 Loom
12:36 Feudal Age
16:15 Castle Age
14:07 Double-Bit Axe
14:03 Horse Collar
14:14 Gold Mining
16:42 Wheelbarrow
18:31 Bow Saw
21:03 Town Watch
21:14 Stone Mining
22:21 Heavy Plow
26:10 Hand Cart
31:25 Imperial Age
30:10 Coinage
29:41 Caravan
29:48 Scale Barding Armor
29:56 Scale Mail Armor
30:07 Forging
30:16 Anarchy
31:29 Chain Mail Armor
32:21 Squires
31:43 Pikeman
33:04 Crop Rotation
32:02 Elite Huskarl
32:27 Halberdier
34:24 Conscription
35:05 Banking
35:12 Iron Casting
37:10 Blast Furnace
39:20 Chemistry
38:22 Onager
41:32 Ballistics
42:59 Two-Man Saw
Handsome Prince
1:58 Loom
14:00 Feudal Age
15:07 Horse Collar
17:01 Fishing Lines
20:19 Castle Age
20:46 Double-Bit Axe
21:18 Heavy Plow
22:12 Bow Saw
21:56 Gold Mining
21:58 Stone Mining
22:27 Gillnets
25:48 Gold Shaft Mining
26:18 Wheelbarrow
25:28 Town Watch
30:44 Imperial Age
28:01 Town Watch
28:51 Bloodlines
28:44 Husbandry
29:57 Hand Cart
30:50 Fletching
31:00 Padded Archer Armor
31:06 Scale Barding Armor
31:11 Forging
32:00 Bodkin Arrow
32:16 Thumb Ring
33:10 Heavy Cavalry Archer
34:16 Parthian Tactics
34:24 Leather Archer Armor
34:32 Ballistics
35:13 Chemistry
36:00 Bracer
36:20 Chain Barding Armor
36:36 Iron Casting
36:44 Conscription
35:45 Elite Tarkan
37:00 Marauders
37:06 Scale Mail Armor
40:26 Plate Barding Armor
40:52 Blast Furnace
42:21 Light Cavalry
45:49 Two-Man Saw
44:11 Hussar
victorH
11:09 Feudal Age
13:00 Double-Bit Axe
15:18 Castle Age
19:19 Fishing Lines
20:24 Wheelbarrow
20:00 Bow Saw
20:20 Gillnets
23:12 Horse Collar
24:19 Hand Cart
24:09 Heavy Plow
24:59 Gold Mining
29:12 Imperial Age
27:11 Padded Archer Armor
27:36 Ballistics
27:34 Fletching
28:14 Leather Archer Armor
28:26 Bodkin Arrow
29:31 Loom
29:36 Elite Elephant Archer
30:47 Ring Archer Armor
30:19 Bracer
31:24 Chemistry
32:02 Two-Man Saw
31:32 Crop Rotation
30:57 Onager
33:51 Siege Engineers
41:13 Caravan
41:45 Coinage
ryocallan
0:51 Loom
13:40 Feudal Age
21:07 Castle Age
19:39 Double-Bit Axe
21:12 Town Watch
23:20 Bow Saw
27:12 Wheelbarrow
27:02 Horse Collar
29:51 Fletching
30:24 Gold Mining
31:03 Hand Cart
30:50 Bodkin Arrow
35:05 Imperial Age
33:20 Bloodlines
33:16 Scale Barding Armor
34:35 Chain Barding Armor
35:14 Forging
34:53 Fishing Lines
35:40 Heavy Plow
35:29 Cavalier
36:57 Plate Barding Armor
38:06 Paladin
44:33 Paladin
Albus
10:40 Feudal Age
9:46 Wheelbarrow
8:57 Loom
10:56 Double-Bit Axe
12:41 Horse Collar
19:05 Castle Age
17:42 Wheelbarrow
17:28 Bow Saw
17:20 Heavy Plow
21:32 Two-Man Saw
20:47 Husbandry
27:05 Crop Rotation
30:30 Imperial Age
28:52 Forging
28:48 Scale Barding Armor
28:16 Cavalier
29:52 Burgundian Vineyards
30:34 Chain Barding Armor
30:50 Iron Casting
31:45 Hand Cart
32:15 Plate Barding Armor
32:40 Blast Furnace
31:34 Fishing Lines
31:51 Gold Mining
31:51 Stone Mining
33:32 Chemistry
31:59 Paladin
32:45 Caravan
35:28 Gold Shaft Mining
35:28 Stone Shaft Mining
42:45 Light Cavalry
Magi
0:36 Loom
10:34 Feudal Age
17:02 Castle Age
15:11 Double-Bit Axe
15:40 Horse Collar
18:48 Bow Saw
19:48 Gold Mining
21:49 Gold Shaft Mining
21:11 Stone Mining
22:02 Wheelbarrow
28:03 Imperial Age
25:29 Man-at-Arms
26:10 Squires
26:15 Scale Mail Armor
26:26 Forging
26:43 Long Swordsman
27:58 Ballistics
27:59 Chain Mail Armor
28:19 Iron Casting
27:19 Pikeman
28:40 Legionary
30:58 Conscription
30:12 Heavy Scorpion
32:15 Ballistas
35:38 Chemistry
35:25 Caravan
37:44 Blast Furnace
37:08 Comitatenses
38:20 Hand Cart
40:05 Siege Engineers
42:26 Halberdier
AztecKiller2427
1:27 Loom
13:19 Feudal Age
17:55 Castle Age
16:20 Horse Collar
18:59 Heavy Plow
18:52 Double-Bit Axe
19:58 Bow Saw
22:55 Fishing Lines
26:04 Wheelbarrow
30:19 Imperial Age
28:39 Hand Cart
28:16 Pikeman
28:56 Squires
28:58 Scale Mail Armor
30:35 Heavy Scorpion
31:09 Onager
32:31 Chain Mail Armor
32:26 Forging
32:55 Gold Mining
33:32 Capped Ram
34:48 Plate Mail Armor
34:53 Iron Casting
35:09 Siege Engineers
36:05 Chemistry
34:52 Siege Ram
35:26 Halberdier
38:02 Siege Onager
41:40 Scale Barding Armor
42:36 Blast Furnace
Connection lost

Rejoining the realm…

Still unreachable

The connection could not be restored.

Session expired

The server has moved on; the page needs a fresh start.